 Dungeon Crawl Stone Soup version 0.31-a0-174-g85c54bcb58 (webtiles) character file.

Game seed: 14528394625708094912

290 olmar the Ducker (level 6, -6/42 HPs)
             Began as a Djinni Hedge Wizard on June 15, 2023.
             Mangled by a shadow (31 damage)
             ... on level 5 of the Dungeon.
             The game lasted 00:08:25 (5371 turns).

olmar the Ducker (Djinni Hedge Wizard)              Turns: 5371, Time: 00:08:26

Health: -6/42      AC:  3    Str:  9    XL:     6   Next: 58%
Gold:   250        EV: 13    Int: 17    God:
                   SH:  0    Dex: 13

rFire   + + .        e - +3 dagger
rCold   x . .        (no shield)
rNeg    . . .        b - +0 robe
rPois   ∞            c - +1 hat
rElec   .            (no cloak)
rCorr   .            (no gloves)
SInv    .            (boots unavailable)
Will    .....        (no amulet)
Stlth   +            (no ring)
HPRegen 0.27/turn    (no ring)
MPRegen 0.00/turn

%: infuse magic (-7 HP)
@: confused, flying
A: sickness immunity, fire resistance 2, cold vulnerability 1, float, innate
caster, HP casting, extra vitality 1
a: no special abilities


You were on level 5 of the Dungeon.
You visited 1 branch of the dungeon, and saw 5 of its levels.

You collected 250 gold pieces.

Inventory:

Hand Weapons
 a - a +0 dagger
 e - a +3 dagger (weapon)
 t - a +2 flail of draining
Missiles
 j - a throwing net
Armour
 b - a +0 robe (worn)
 c - a +1 hat (worn)
Magical Staves
 k - a staff of cold
Wands
 v - a wand of mindburst (12)
Scrolls
 h - a scroll of enchant weapon {unknown}
 i - a scroll of revelation {unknown}
 l - a scroll of fear {unknown}
 n - a scroll of noise {unknown}
 o - 3 scrolls of enchant armour
 p - 4 scrolls of teleportation
 q - a scroll of identify {unknown}
 u - a scroll of brand weapon {unknown}
 w - a scroll of immolation {unknown}
 x - 2 scrolls of torment {unknown}
 y - a scroll of amnesia {unknown}
Potions
 d - 3 potions of heal wounds {unknown}
 f - a potion of degeneration {unknown}
 g - 4 potions of curing {unknown}
 m - a potion of mutation {unknown}
 r - a potion of berserk rage {unknown}
 s - a potion of attraction {unknown}
 z - a potion of enlightenment {unknown}
 A - a potion of lignification {unknown}
 B - 2 potions of brilliance {unknown}


   Skills:
 + Level 1.5 Fighting
 + Level 4.8 Dodging
 - Level 1.9 Stealth
 * Level 4.1 Spellcasting
 * Level 4.1 Conjurations
 * Level 4.1 Hexes
 * Level 4.1 Summonings
 * Level 4.1 Necromancy
 * Level 4.1 Translocations
 * Level 4.1 Transmutations
 * Level 4.1 Fire Magic
 * Level 4.1 Ice Magic
 * Level 4.1 Air Magic
 * Level 4.1 Earth Magic
 * Level 4.1 Poison Magic


You knew the following spells:

 Your Spells              Type           Power      Damage    Failure   Level
a - Magic Dart            Conj           68%        1d6       2%          1
b - Slow                  Hex            68%        N/A       2%          1
c - Blink                 Tloc           34%        N/A       4%          2
d - Call Imp              Summ           34%        N/A       4%          2
e - Mephitic Cloud        Conj/Pois/Air  17%        N/A       9%          3
f - Beastly Appendage     Tmut           34%        N/A       2%          1
g - Passwall              Tmut/Erth      14%        N/A       4%          2
Your spell library was empty.

Dungeon Overview and Level Annotations

Branches:
Dungeon (5/15)
 Temple: D:4-7

Altars:
Hepliaklqana
Qazlal

Annotations:
D:4 3 runed translucent doors, SkeletonJelly's ghost, amateur DjTm; knightboat's ghost, novice TeMo
D:5 Sigmund


Innate Abilities, Weirdness & Mutations

You are immune to sickness and miasma.
You are immune to poison.
Your flesh is very heat resistant. (rF++)
You are vulnerable to cold. (rC-)
You float through the air rather than walking.
You learn spells naturally, not from books.
Your magical power is your life essence.
You have superior vitality. (+4 MHP)


Message History

The sleepcap releases spores at you.
Unknown command.
You hit the sleepcap.
You destroy the sleepcap!
Unknown command.
The shadow hits your cerulean imp!
Your cerulean imp dies!
Your cerulean imp disappears in a puff of smoke!
Unknown command.
Unknown command.
Casting: Call Imp (safe; 4% risk of failure)
Confirm with . or Enter, or press ? or * to list all spells.
Okay, then.
Casting: Call Imp (safe; 4% risk of failure)
Confirm with . or Enter, or press ? or * to list all spells.
A tiny devil pulls itself out of the air.
Unknown command.
Unknown command.
Casting: Call Imp (safe; 4% risk of failure)
Confirm with . or Enter, or press ? or * to list all spells.
Okay, then.
Casting: Call Imp (safe; 4% risk of failure)
Confirm with . or Enter, or press ? or * to list all spells.
You blink.
Your transformation is almost over.
Your cerulean imp barely misses the shadow.
The shadow slips into darkness.
The shadow flickers and vanishes!
Deactivating autopickup; reactivate with Ctrl-A.
You feel stable enough to blink again.
You see here a +0 scale mail.
Sigmund the Dreaded comes into view.
He is wielding a +2 scythe of freezing.
Your horns disappear.
Your +1 hat unmelds from your body.
Sigmund shouts!
Sigmund gestures at you while chanting.
You are confused.
The shadow strikes at you from the darkness!
Ouch! That really hurt!
You die...

#<# #######.###
..........# ############
#######.#.# #........§5#
#.#@# #.########)# #.#.#
#.########J# #.#.#
#..........# #####.#.#
##.....#.####
###.....#@####..#'#..#.#
.............5[..#.#...#.#
####.#####.####..#.#....##
.. #.# #..#.#...## ...
#.####.##.##... ..
####.##...#...#...# .
#.......#.#._.#...#
#.##....#.# #(... [.
#......#


You could see Sigmund and a friendly cerulean imp (summoned).

Vanquished Creatures
  A howler monkey (D:4)
  A sleepcap (D:5)
  2 adders
  7 gnolls
  2 worms
  7 orcs
  8 ball pythons
  6 bats
  5 endoplasms
  A giant cockroach (D:1)
  5 goblins
  7 hobgoblins
  3 jackals
  3 quokkas (D:1)
  3 frilled lizards
  8 kobolds
69 creatures vanquished.

Vanquished Creatures (collateral kills)
  A jelly (D:4)
  A gnoll (D:2)
  An adder (D:2)
  An orc (D:3)
  A goblin (D:4)
  A hobgoblin (D:2)
  2 jackals (D:1)
8 creatures vanquished.

Grand Total: 77 creatures vanquished

Notes
Turn   | Place    | Note
-------+----------+-------------------------------------------
     0 | D:1      | olmar the Djinni Hedge Wizard began the quest for the Orb.
     0 | D:1      | olmar set off with the following spells memorised: Magic
                  | Dart, Slow, Blink, Call Imp, Mephitic Cloud.
     0 | D:1      | Reached XP level 1. HP: 15/15 MP: 0/0
   136 | D:1      | Reached XP level 2. HP: 18/21 MP: 0/0
   690 | D:1      | Reached XP level 3. HP: 24/25 MP: 0/0
   690 | D:1      | Learned a level 1 spell: Beastly Appendage
  1268 | D:1      | Reached XP level 4. HP: 20/31 MP: 0/0
  1979 | D:2      | Reached XP level 5. HP: 8/36 MP: 0/0
  1979 | D:2      | Learned a level 2 spell: Passwall
  3163 | D:3      | Found a stormy altar of Qazlal.
  3556 | D:4      | Reached skill level 1 in Fighting
  3556 | D:4      | Reached XP level 6. HP: 33/42 MP: 0/0
  4455 | D:4      | Found a runed translucent gate.
  4455 | D:4      | Found a runed translucent gate.
  4455 | D:4      | Found a runed translucent gate.
  4457 | D:4      | Noticed SkeletonJelly's ghost (amateur DjTm)
  4457 | D:4      | Noticed knightboat's ghost (novice TeMo)
  5274 | D:5      | Entered Level 5 of the Dungeon
  5320 | D:5      | Found a hazy altar of Hepliaklqana.
  5350 | D:5      | Noticed a shadow
  5368 | D:5      | Noticed Sigmund
  5371 | D:5      | Mangled by a shadow

Illustrated notes

Levels and vault maps discovered:
D:1:      dpeg_arrival_tiny_i, layout_loops_ring, chequers_jeans,
          dreamdust_wishing_well
D:2:      layout_loops_cross, serial_park_tiny_pond,
          minmay_misc_feat_four_crosses, minmay_cut_off
D:3:      layout_loops_ring, mainiacjoe_overflow_six_doors_small
D:4:      layout_basic, gammafunk_ghost_cemetery, st_stairs_7,
          nicolae_letterblocks [nicolae_letter_subblock,
          nicolae_letter_subblock, nicolae_letter_subblock,
          nicolae_letter_subblock, nicolae_letter_subblock,
          nicolae_letter_subblock, nicolae_letter_subblock,
          nicolae_letter_subblock, nicolae_letter_subblock,
          nicolae_letter_subblock, nicolae_letter_subblock,
          nicolae_letter_subblock, nicolae_letter_subblock,
          nicolae_letter_subblock, nicolae_letter_subblock,
          nicolae_letter_subblock, nicolae_letter_subblock,
          nicolae_letter_subblock, nicolae_letter_subblock,
          nicolae_letter_subblock, nicolae_letter_subblock,
          nicolae_letter_subblock, nicolae_letter_subblock,
          nicolae_letter_subblock, nicolae_letter_subblock]
D:5:      layout_loops_ring, minitemple, mainiacjoe_overflow_surrounded_room,
          nicolae_overflow_two_pavilions, temple_doors_cd,
          kennysheep_generic_room_16, uniq_sigmund

Skill      XL: |  1  2  3  4  5  6 |
---------------+-------------------+-----
Dodging        | 3 4 |  4.8
Spellcasting   | 3 4 |  4.1
Conjurations   | 3 4 |  4.1
Hexes          | 3 4 |  4.1
Summonings     | 3 4 |  4.1
Necromancy     | 3 4 |  4.1
Translocations | 3 4 |  4.1
Transmutations | 3 4 |  4.1
Fire Magic     | 3 4 |  4.1
Ice Magic      | 3 4 |  4.1
Air Magic      | 3 4 |  4.1
Earth Magic    | 3 4 |  4.1
Poison Magic   | 3 4 |  4.1
Fighting       | 1 |  1.5
Stealth        | |  1.9

Action                     |  1- 3 |  4- 6 || total
---------------------------+-------+-------++-------
  Melee: Dagger            |    46 |   166 ||   212
         Punch             |     3 |     4 ||     7
         Headbutt          |     1 |    12 ||    13
   Cast: Magic Dart        |    44 |    10 ||    54
         Call Imp          |     1 |    16 ||    17
         Beastly Appendage |     1 |    12 ||    13
         Mephitic Cloud    |       |     5 ||     5
         Blink             |       |     2 ||     2
    Use: Scroll            |       |     2 ||     2
   Stab: Sleeping          |       |     5 ||     5
         Distracted        |       |     1 ||     1
         Confused          |       |     2 ||     2
 Armour: Robe              |     4 |    12 ||    16
  Dodge: Dodged            |    30 |   111 ||   141

Table legend: (Time is in decaauts)
 A = Elapsed time spent in this place.
 B = Non-inter-level travel time spent in this place.
 C = Inter-level travel time spent in this place.
 D = Time resting spent in this place.
 E = Time spent auto-exploring this place.
 F = Levels seen in this place.
 G = Mean time per level.
                   A        B        C        D        E       F      G
               +--------+--------+--------+--------+--------+-----+--------+
         Total |   5374 |   5061 |    313 |   1008 |   3252 |   5 | 1074.8 |
       Dungeon |   5374 |   5061 |    313 |   1008 |   3252 |   5 | 1074.8 |
               +--------+--------+--------+--------+--------+-----+--------+

Top non-repeatable levels by time:
     D:4: 1888 daAuts
     D:1: 1378 daAuts
     D:2: 1095 daAuts
     D:3: 916 daAuts
     D:5: 96 daAuts
